 Dungeon Crawl Stone Soup version 0.32-a0-468-g38b2580584 (webtiles) character file.

Game seed: 8743733533859432152

142 CougarLife the Digger (level 5, 0/28 HPs)
             Began as a Gargoyle Earth Elementalist on Feb 25, 2024.
             Slain by a rat (3 damage)
             ... while paralysed by Grinder
             ... on level 3 of the Dungeon.
             The game lasted 00:01:50 (2433 turns).

CougarLife the Digger (Gargoyle Earth Elementalist) Turns: 2433, Time: 00:01:50

Health: 0/28       AC:  9    Str: 11    XL:     5   Next: 24%
Magic:  4/9        EV:  2    Int: 18    God:
Gold:   65         SH:  0    Dex: 10    Spells: 9/10 levels left

rFire   . . .        g - +0 dagger
rCold   . . .        (no shield)
rNeg    + . .        a - +0 robe
rPois   ∞            p - +2 helmet
rElec   +            (no cloak)
rCorr   .            (no gloves)
SInv    .            (no boots)
Will    .....        (no amulet)
Stlth   ++           (no ring)
HPRegen 0.24/turn    (no ring)
MPRegen 0.11/turn

%: no passive effects
@: paralysed
A: sickness immunity, AC +4, negative energy resistance 1, electricity
resistance, torment resistance 1, petrification resistance
a: no special abilities


You were on level 3 of the Dungeon.
You visited 1 branch of the dungeon, and saw 3 of its levels.

You collected 195 gold pieces.
You spent 130 gold pieces at shops.

Inventory:

Hand Weapons
 g - a +0 dagger (weapon)
Armour
 a - a +0 robe (worn)
 p - a +2 helmet (worn)
Jewellery
 n - a ring of positive energy
Scrolls
 c - a scroll of revelation {unknown}
 f - a scroll of enchant armour {unknown}
 h - a scroll of identify {unknown}
 i - a scroll of torment {unknown}
 k - a scroll of noise {unknown}
Potions
 b - a potion of magic
 d - a potion of curing {unknown}
 e - a potion of lignification {unknown}
 j - 5 potions of brilliance {unknown}
 l - a potion of heal wounds
 m - a potion of cancellation
 o - a potion of resistance {unknown}
 q - a potion of mutation {unknown}


   Skills:
 - Level 1.5 Dodging
 - Level 2.1 Stealth
 + Level 3.2 Spellcasting
 + Level 3.1 Conjurations
 + Level 4.9 Earth Magic


You had 9 spell levels left.
You knew the following spells:

 Your Spells              Type           Power      Damage    Failure   Level
a - Sandblast             Erth           40%        2d10      1%          1

Your spell library contained the following spells:

 Spells                   Type           Power      Damage    Failure   Level
 Passwall                 Erth           20%        N/A       6%          3
 Stone Arrow              Conj/Erth      34%        3d9       9%          3
 Freeze                   Ice            8%         1d3       16%         1
 Hailstorm                Conj/Ice       8%         3d5       26%         3
 Brom's Barrelling Bould  Conj/Erth      17%        2d4       30%         4
 Frozen Ramparts          Ice            4%         1d1       43%         3
 Petrify                  Alch/Erth      11%        N/A       50%         4


Dungeon Overview and Level Annotations

Branches:
Dungeon (3/15)

Altars:
Uskayaw
Wu Jian

Shops:
D:2 !   D:3 *

Annotations:
D:3 Grinder


Innate Abilities, Weirdness & Mutations

You are immune to sickness and miasma.
Your stone body is resilient. (AC +4)
You are immune to poison.
You resist negative energy. (rN+)
You are resistant to electric shocks. (rElec)
You are resistant to unholy torment.
You are immune to petrification.


Message History

The rat bites you but does no damage. Grinder hits you but does no damage.
You can move again.
Casting: Sandblast (safe; 1% risk of failure)
Confirm with . or Enter, or press ? or * to list all spells.
Aiming: Sandblast (safe; 1% risk of failure)
Press: ? - help, Shift-Dir - straight line, f/p - Grinder
Aim: Grinder (moderately wounded, 81% to hit)
The blast of sand hits Grinder but does no damage.
Grinder is moderately wounded.
The rat barely misses you.
Grinder blinks!
The rat bites you.
* * * LOW HITPOINT WARNING * * *
Grinder gestures at you. Pain shoots through your body!
* * * LOW HITPOINT WARNING * * *
Casting: Sandblast (safe; 1% risk of failure)
Confirm with . or Enter, or press ? or * to list all spells.
Aiming: Sandblast (safe; 1% risk of failure)
Press: ? - help, Shift-Dir - straight line, f/p - Grinder
Aim: Grinder (moderately wounded, 81% to hit)
The blast of sand hits Grinder!
Grinder is heavily wounded.
The rat closely misses you.
The frilled lizard bites you but does no damage.
Casting: Sandblast (safe; 1% risk of failure)
Confirm with . or Enter, or press ? or * to list all spells.
Aiming: Sandblast (safe; 1% risk of failure)
Press: ? - help, Shift-Dir - straight line, f/p - Grinder
Aim: Grinder (heavily wounded, 81% to hit)
The blast of sand hits Grinder.
Grinder is heavily wounded.
The rat bites you but does no damage. The frilled lizard closely misses you.
Grinder gestures at you.
You suddenly lose the ability to move!
Grinder hits you.
* * * LOW HITPOINT WARNING * * *
The frilled lizard bites you but does no damage.
The rat bites you but does no damage. The rat completely misses you.
The frilled lizard barely misses you. Grinder hits you but does no damage.
The rat bites you.
You die...

...##...###.########...#
#..##...###...........##
#........#..############
.........#.## #
.._..≈≈....# #
.....≈≈..### #
.........# # ..♣♣...5##
## ♣..l@# ##. ......r..#
#.# .....##.... #..
##### .##### #.# . ####
#.. .. ....###.# .#
#...... #< #..#.∩#
#..##.#


You could see Grinder, a frilled lizard and a rat.

Vanquished Creatures
  Natasha (thrice) (D:3)
  2 adders (D:2)
  A dart slug (D:2)
  An orc (D:3)
  8 endoplasms
  4 hobgoblins
  2 quokkas
  3 ball pythons
  6 bats
  2 frilled lizards
  7 goblins
  3 kobolds
  3 rats (D:1)
45 creatures vanquished.

Notes
Turn   | Place    | Note
-------+----------+-------------------------------------------
     0 | D:1      | CougarLife the Gargoyle Earth Elementalist began the quest
                  | for the Orb.
     0 | D:1      | Reached XP level 1. HP: 10/10 MP: 3/3
   385 | D:1      | Reached XP level 2. HP: 15/15 MP: 1/5
   506 | D:1      | Reached skill level 4 in Earth Magic
  1041 | D:2      | Reached XP level 3. HP: 16/19 MP: 3/6
  1102 | D:2      | Found a hide-covered altar of Uskayaw.
  1142 | D:2      | Found Vibof's Distillery.
  1147 | D:2      | Bought a potion of heal wounds for 50 gold pieces
  1147 | D:2      | Bought a potion of cancellation for 80 gold pieces
  1840 | D:3      | Found Turiumez's General Store.
  1853 | D:3      | Noticed Natasha
  1855 | D:3      | Killed Natasha
  1856 | D:3      | Reached XP level 4. HP: 24/24 MP: 5/8
  1931 | D:3      | Noticed Natasha
  1939 | D:3      | Killed Natasha
  2255 | D:3      | Reached XP level 5. HP: 28/28 MP: 7/9
  2387 | D:3      | Noticed Natasha
  2388 | D:3      | Found an ornate altar of the Wu Jian Council.
  2394 | D:3      | Killed Natasha
  2420 | D:3      | Noticed Grinder
  2425 | D:3      | Paralysed by Grinder for 4 turns
  2431 | D:3      | Paralysed by Grinder for 3 turns
  2433 | D:3      | Slain by a rat

Illustrated notes

Levels and vault maps discovered:
D:1:      dpeg_arrival_leaves_temple_mockup, layout_basic
D:2:      layout_basic, basic_altar, serial_shops, nicolae_shop_rolling_square,
          chequers_serial_rivers_small_b
D:3:      layout_loops_ring, nicolae_wu_jian_wuxing_cycle,
          nicolae_overflow_hidden_temple, serial_shops, shop, uniq_grinder,
          uniq_natasha

Skill      XL: |  1  2  3  4  5 |
---------------+----------------+-----
Earth Magic    | 4 |  4.9
Conjurations   | 2 3 |  3.1
Spellcasting   | 3 |  3.2
Dodging        | |  1.5
Stealth        | |  2.1

Action                     |  1- 3 |  4- 6 || total
---------------------------+-------+-------++-------
  Melee: Unarmed           |     2 |       ||     2
         Dagger            |     1 |       ||     1
   Cast: Sandblast         |    40 |    28 ||    68
 Armour: Robe              |     7 |    20 ||    27
  Dodge: Dodged            |    13 |    10 ||    23

Table legend: (Time is in decaauts)
 A = Elapsed time spent in this place.
 B = Non-inter-level travel time spent in this place.
 C = Inter-level travel time spent in this place.
 D = Time resting spent in this place.
 E = Time spent auto-exploring this place.
 F = Levels seen in this place.
 G = Mean time per level.
                   A        B        C        D        E       F      G
               +--------+--------+--------+--------+--------+-----+--------+
         Total |   2481 |   2433 |     48 |     84 |   2096 |   3 |  827.0 |
       Dungeon |   2481 |   2433 |     48 |     84 |   2096 |   3 |  827.0 |
               +--------+--------+--------+--------+--------+-----+--------+

Top non-repeatable levels by time:
     D:1: 934 daAuts
     D:2: 919 daAuts
     D:3: 628 daAuts
